AoeStats
← [Massa] Edo

Enclosed

503938718Analyzed
2v2 RM · 29d ago on Sep 3, 2026· 26m 54s· 4 players
Game mode
Random Map
Map size
Medium (4 player)
Population
200
Speed
Normal
Resources
Standard
Victory
Conquest
Starting age
Dark Age
Ending age
Imperial Age
RankedLock teamsTeams togetherTeam positionsShared explorationLock speedFull tech treeHidden civsTurbo modeCheats
Victory
Defeat
🇧🇷 Burmese · Brazil
1409
+13
🇧🇷 Britons · Brazil
1394
+13
🇵🇪 Berbers · Peru
1339
-13
🇵🇪 Magyars · Peru
1339
-13
RN-inkyasha
6:24 Loom
8:57 Feudal Age
9:32 Double-Bit Axe
17:32 Fletching
18:56 Wheelbarrow
18:35 Padded Archer Armor
24:06 Castle Age
22:22 Horse Collar
24:16 Elite Skirmisher
24:52 Bodkin Arrow
tonyascecas
6:06 Loom
8:38 Feudal Age
9:55 Double-Bit Axe
16:31 Horse Collar
21:12 Fletching
25:07 Scale Barding Armor
25:15 Forging
25:53 Bloodlines
[Massa] Edo
5:57 Loom
8:41 Feudal Age
9:29 Man-at-Arms
10:24 Horse Collar
17:02 Forging
18:09 Wheelbarrow
21:28 Castle Age
19:34 Arson
20:46 Scale Mail Armor
22:55 Iron Casting
22:47 Chain Mail Armor
26:38 Scale Barding Armor
27:46 Chain Barding Armor
27:38 Bloodlines
27:28 Husbandry
tg
5:53 Loom
8:21 Feudal Age
9:05 Double-Bit Axe
14:24 Fletching
21:04 Castle Age
20:31 Horse Collar
20:42 Gold Mining
21:10 Crossbowman
22:24 Bodkin Arrow
22:50 Bow Saw
23:20 Padded Archer Armor
25:59 Scale Barding Armor
Connection lost

Rejoining the realm…

Still unreachable

The connection could not be restored.

Session expired

The server has moved on; the page needs a fresh start.